 Dungeon Crawl Stone Soup version 0.16.1-18-g436b03c (webtiles) character file.

5142 stdrome1209 the Covert (level 10, -7/70 HPs)
             Began as a Vampire Enchanter on May 2, 2015.
             Was a Priest of Dithmenos.
             Mangled by a trapdoor spider zombie (11 damage)
             ... on level 9 of the Dungeon on May 6, 2015.
             The game lasted 01:47:55 (11318 turns).

stdrome1209 the Covert (Vampire Enchanter)         Turns: 11318, Time: 01:47:55

Health: -7/70      AC:  7    Str:  7    XL:     10   Next: 33%
Magic:  20/24      EV: 17    Int: 19    God:    Dithmenos [***...]
Gold:   552        SH:  0    Dex: 15    Spells: 7 memorised, 5 levels left

rFire  + . .     SeeInvis +     p - +3 dagger (venom)
rCold  . . .     Clarity  .     h - +2 robe {rF+}
rNeg   . . .     SustAb   .     (no shield)
rPois  +         Gourm    .     (no helmet)
rElec  .         Spirit   .     d - +1 cloak
rCorr  .         Warding  .     s - +0 pair of gloves
rMut   .         Stasis   .     (no boots)
MR     +....                    (no amulet)
Stlth  ++++++++..               (no ring)
                                O - ring of poison resistance

@: about to teleport, regenerating quickly, wreathed by umbra, somewhat
resistant to hostile enchantments, extraordinarily stealthy
A: bottle blood, fangs 3, see invisible, unbreathing
a: Shadow Step, Renounce Religion


You were on level 9 of the Dungeon.
You worshipped Dithmenos.
Dithmenos was most pleased with you.
You were full.

You visited 2 branches of the dungeon, and saw 10 of its levels.

You collected 552 gold pieces.

Inventory:

Hand weapons
 a - a +0 short sword of venom
 b - a +1 dagger of speed
 j - a +1 dagger of venom
 p - a +3 dagger of venom (weapon)
 G - a +0 dagger of protection
Missiles
 o - an arrow
 J - 8 sling bullets
Armour
 d - a +1 cloak (worn)
 h - a +2 robe of fire resistance (worn)
 m - a +2 robe of fire resistance
 q - a +2 robe of positive energy
 s - a +0 pair of gloves (worn)
 x - a +2 robe of positive energy
Jewellery
 e - an uncursed amulet of resist mutation
 O - a ring of poison resistance (left hand)
 P - a +6 ring of strength {unknown}
Magical devices
 F - a wand of random effects (40)
Scrolls
 l - a scroll of recharging
 t - 9 scrolls of remove curse
 w - a scroll of enchant armour
 L - a scroll of identify
Potions
 i - a potion of mutation {unknown}
 k - 2 potions of brilliance {unknown}
 n - a potion of flight {unknown}
 r - 7 potions of curing {unknown}
 u - a potion of magic {unknown}
 v - a potion of heal wounds {unknown}
 z - a potion of cure mutation {unknown}
 A - 2 potions of ambrosia {unknown}
 B - 3 potions of poison {unknown}
 I - a potion of degeneration {unknown}
 M - a potion of lignification {unknown}
 N - a potion of beneficial mutation {unknown}
Books
 c - a book of Maledictions

   Spells                             Type                      Level
   a - Corona                         Hexes                        1
   b - Sure Blade                     Hexes/Charms                 2
   c - Ensorcelled Hibernation        Hexes/Ice                    2
   d - Confuse                        Hexes                        3
   e - Dazzling Spray                 Conjuration/Hexes            3
   f - Enslavement                    Hexes                        4
 f - the Handbook of the Voyage
   (You acquired it on level 9 of the Dungeon)

   Spells                             Type                      Level
   a - Shroud of Golubria             Charms/Translocation         2
   b - Blink                          Translocation                2
   c - Gell's Gravitas                Hexes/Translocation          5
   d - Summon Forest                  Summoning/Translocation      5
 C - a book of Death

   Spells                             Type                      Level
   a - Corpse Rot                     Necromancy                   2
   b - Sublimation of Blood           Necromancy                   2
   c - Agony                          Necromancy                   5
   d - Dispel Undead                  Necromancy                   5
   e - Excruciating Wounds            Charms/Necromancy            5
   f - Bolt of Draining               Conjuration/Necromancy       5
 E - a book of Cantrips

   Spells                             Type                      Level
   a - Corona                         Hexes                        1
   b - Animate Skeleton               Necromancy                   1
   c - Summon Small Mammal            Summoning                    1
   d - Apportation                    Translocation                1
 H - a book of Ice

   Spells                             Type                      Level
   a - Ice Form                       Ice/Transmutation            4
   b - Metabolic Englaciation         Hexes/Ice                    5
   c - Ozocubu's Refrigeration        Ice                          6
   d - Bolt of Cold                   Conjuration/Ice              6
   e - Freezing Cloud                 Conjuration/Ice/Air          6
   f - Simulacrum                     Ice/Necromancy               6


   Skills:
 + Level 3.1 Fighting
 + Level 5.1 Short Blades
 + Level 8.2 Dodging
 + Level 11.8 Stealth
 + Level 6.3 Spellcasting
 + Level 0.2 Conjurations
 + Level 9.6 Hexes
 + Level 1.3 Necromancy
 + Level 3.4 Ice Magic


You had 5 spell levels left.
You knew the following spells:

 Your Spells              Type           Power        Failure   Level  Hunger
a - Corona                Hex            #####..      1%          1    None
b - Ensorcelled Hibernat  Hex/Ice        ####..       1%          2    None
c - Confuse               Hex            #####...     1%          3    ##.....
d - Dazzling Spray        Conj/Hex       ###.....     4%          3    ##.....
e - Enslavement           Hex            #####...     1%          4    ####...
f - Sure Blade            Hex/Chrm       ###.......   2%          2    None
g - Animate Skeleton      Necr           N/A          10%         1    None


Dungeon Overview and Level Annotations

Branches:
Dungeon (9/15)             Temple (1/1) D:7            Lair (0/8) D:9
    Orc (0/4) D:9

Altars:
Ashenzari
Cheibriados
Dithmenos
Elyvilon
Gozag
Kikubaaqudgha
Makhleb
Nemelex Xobeh
Okawaru
Qazlal
Ru
Sif Muna
Trog
Vehumet
Xom
Yredelemnul
Zin
The Shining One

Shops:
D:7 (


Innate Abilities, Weirdness & Mutations

Your natural rate of healing is unusually fast.
You can bottle blood from corpses.
You have razor-sharp teeth.
You have supernaturally acute eyesight.
You can survive without breathing.


Message History

You bite the trapdoor spider zombie, but do no damage.
The trapdoor spider zombie bites you!
You hit the trapdoor spider zombie. The trapdoor spider zombie misses you.
You hit the trapdoor spider zombie. The trapdoor spider zombie bites you!
The orc priest calls down the wrath of Beogh upon you.
Something smites you!
The orc priest calls down the wrath of Beogh upon you.
Something smites you! The trapdoor spider zombie bites you.
The orc priest invokes the aid of Beogh against you.
Something smites you!
* * * LOW HITPOINT WARNING * * *
The orc priest calls down the wrath of Beogh upon you.
Something smites you!
* * * LOW HITPOINT WARNING * * *
Drink which item? (? for menu, Esc to quit)
Okay, then.
Read which item? (? for menu, Esc to quit)
As you read the scroll of teleportation, it crumbles to dust.
You feel strangely unstable. The trapdoor spider zombie bites you!
You die...

.# #..* #....# *,,*,,,,,* .#
**#..####....####..*,,,,,*
.###****,#.....).o........*,,,,,*
....,,,,,#.......$$.......*,,,,,,
...,,,,,,#.......?..).....*,,,,**
.#*******#................**,,,*
.# #..####....####..**,,,* .#
#.,* #Z...# *,,**,,,* %# #.,*
#@...# *,,**,***
.#########..####....####..**,*
.........#................#*,*
.#########.....((.........#*.# .#
########''########*.# .#
#............>###.# .#
#%................# .#
#.................# .#
#####.................#


You could see an orc priest and a trapdoor spider zombie.

Vanquished Creatures
  Pikel (D:6)
  The ghost of Lazygun the Changer, an experienced NaTm (D:5)
  Prince Ribbit (D:8)
  A two-headed ogre (D:8)
  A wyvern (D:8)
  Eustachio (D:8)
  A deep elf mage (D:9)
  A hippogriff (D:9)
  A hungry ghost (D:7)
  Edmund (D:8)
  2 orc warriors
  3 sky beasts
  A black bear (D:9)
  An ice beast (D:6)
  An ogre (D:5)
  3 centaurs
  3 giant frogs
  A gnoll sergeant (D:7)
  2 scorpions
  3 killer bees (D:7)
  3 wights (D:9)
  2 goliath beetles
  A crimson imp (D:6)
  A giant frog zombie (D:5)
  A jelly (D:8)
  5 orc priests
  A giant frog skeleton (D:6)
  7 hounds
  13 orc wizards
  An iguana (D:9)
  5 worker ants
  3 hound skeletons
  Terence (D:3)
  A mummy (D:5)
  13 adders
  9 gnolls
  2 giant mites (D:7)
  3 worms
  2 adder skeletons
  An adder zombie (D:9)
  4 giant geckos
  39 orcs
  2 bat skeletons
  2 giant cockroaches
  14 hobgoblins
  6 jackals
  11 kobolds
  A ball python (D:1)
  15 bats
  A giant cockroach zombie (D:5)
  A giant gecko skeleton (D:3)
  A giant gecko zombie (D:3)
  4 giant newts
  A giant spore (D:9)
  12 goblins
  2 orc zombies (D:8)
  2 quokkas
  2 quokka zombies
  16 rats
  3 ballistomycetes (D:9)
244 creatures vanquished.

Vanquished Creatures (collateral kills)
  A giant frog (D:8)
  2 wights (D:9)
  A hound (D:5)
  An orc priest (D:6)
  An orc wizard (D:9)
  A gnoll (D:7)
  A shadow imp (D:8)
  14 orcs
  A hobgoblin (D:8)
  A bat (D:8)
  2 kobolds (D:8)
  A rat (D:8)
  A rat zombie (D:8)
28 creatures vanquished.

Vanquished Creatures (others)
  A hippogriff skeleton (D:9)
  A giant frog skeleton (D:8)
  A human skeleton (D:8)
  2 hounds
  A worker ant (D:9)
  A hound skeleton (D:9)
  2 gnolls (D:7)
  8 orc skeletons
  4 orcs
  A hobgoblin skeleton (D:9)
  2 rat skeletons (D:9)
24 creatures vanquished.

Grand Total: 296 creatures vanquished

Notes
Turn   | Place    | Note
--------------------------------------------------------------
     0 | D:1      | stdrome1209, the Vampire Enchanter, began the quest for the Orb.
     0 | D:1      | Reached XP level 1. HP: 13/13 MP: 3/3
   591 | D:1      | Reached XP level 2. HP: 19/19 MP: 2/4
  1337 | D:2      | Reached skill level 5 in Stealth
  1638 | D:2      | Reached XP level 3. HP: 24/24 MP: 4/6
  1645 | D:2      | Learned a level 2 spell: Ensorcelled Hibernation
  1908 | D:2      | Found an iron altar of Okawaru.
  1908 | D:2      | Found a bloodstained altar of Trog.
  2629 | D:3      | Noticed Terence
  2634 | D:3      | Killed Terence
  2810 | D:3      | Reached XP level 4. HP: 26/30 MP: 8/8
  3081 | D:3      | Reached skill level 5 in Hexes
  3280 | D:3      | Learned a level 3 spell: Confuse
  3708 | D:4      | Reached skill level 6 in Stealth
  3708 | D:4      | Reached XP level 5. HP: 16/35 MP: 2/10
  4584 | D:5      | Entered Level 5 of the Dungeon
  4597 | D:5      | Noticed a centaur
  4603 | D:5      | Killed a centaur
  4603 | D:5      | Reached skill level 7 in Stealth
  4603 | D:5      | Reached XP level 6. HP: 21/42 MP: 5/13
  4874 | D:5      | Noticed a centaur
  4930 | D:5      | Reached skill level 1 in Fighting
  5065 | D:5      | Killed a centaur
  5065 | D:5      | Reached skill level 1 in Ice Magic
  5171 | D:5      | Noticed Lazygun's ghost (experienced NaTm)
  5196 | D:5      | Killed Lazygun's ghost
  5196 | D:5      | Reached skill level 8 in Stealth
  5196 | D:5      | Reached XP level 7. HP: 48/48 MP: 12/15
  5217 | D:5      | Learned a level 3 spell: Dazzling Spray
  5222 | D:5      | Learned a level 4 spell: Enslavement
  5243 | D:5      | Noticed a sky beast
  5264 | D:5      | Killed a sky beast
  5311 | D:5      | Reached skill level 5 in Dodging
  5385 | D:5      | Noticed an ogre
  5476 | D:5      | Reached XP level 8. HP: 47/55 MP: 5/17
  5615 | D:5      | Killed an ogre
  5971 | D:6      | Reached skill level 9 in Stealth
  6941 | D:6      | Noticed Pikel
  6944 | D:6      | Killed Pikel
  6944 | D:6      | Reached skill level 10 in Stealth
  6944 | D:6      | Reached XP level 9. HP: 60/62 MP: 16/20
  7450 | D:7      | Found Urphiam's Weapon Emporium.
  7452 | D:7      | Reached skill level 5 in Spellcasting
  7470 | D:7      | Found a staircase to the Ecumenical Temple.
  7587 | Temple   | Entered the Ecumenical Temple
  7673 | Temple   | Became a worshipper of Dithmenos the Shadowed
  8285 | D:7      | Learned a level 2 spell: Sure Blade
  8287 | D:7      | Learned a level 1 spell: Animate Skeleton
  8514 | D:8      | Reached skill level 11 in Stealth
  8785 | D:8      | Noticed Prince Ribbit
  8786 | D:8      | Noticed Edmund
  8790 | D:8      | Found an ancient bone altar of Kikubaaqudgha.
  8822 | D:8      | Killed Edmund
  8839 | D:8      | Killed Prince Ribbit
  8959 | D:8      | Noticed Eustachio
  8965 | D:8      | Killed Eustachio
  8965 | D:8      | Reached XP level 10. HP: 70/70 MP: 20/23
  8975 | D:8      | Found an iron altar of Okawaru.
  9177 | D:8      | Your ally Prince Ribbit died
  9711 | D:9      | Acquired Dithmenos' first power
  9893 | D:9      | Found a staircase to the Lair.
 10042 | D:9      | Reached skill level 5 in Short Blades
 10364 | D:9      | Identified a scroll of acquirement
 10365 | D:9      | Identified the Handbook of the Voyage (You acquired it on level 9 of the Dungeon)
 10426 | D:9      | Found a staircase to the Orcish Mines.
 10441 | D:9      | Acquired Dithmenos' second power
 10465 | D:9      | Reached skill level 1 in Necromancy
 11318 | D:9      | Mangled by a trapdoor spider zombie

Action                   |  1- 3 |  4- 6 |  7- 9 | 10-12 || total
-------------------------+-------+-------+-------+-------++-------
Melee: Dagger            |   108 |   133 |   190 |   221 ||   652
       Short sword       |       |    75 |    93 |       ||   168
       Rapier            |       |       |    26 |       ||    26
 Cast: Corona            |    12 |     1 |       |       ||    13
       Ensorcelled Hiber |     8 |    14 |    20 |     9 ||    51
       Confuse           |       |     5 |    13 |    14 ||    32
       Dazzling Spray    |       |       |    11 |     2 ||    13
       Enslavement       |       |       |     8 |     5 ||    13
       Animate Skeleton  |       |       |     5 |    13 ||    18
  Use: Scroll            |     8 |     4 |     1 |    10 ||    23
 Stab: Sleeping          |    12 |    19 |    27 |     8 ||    66
       Distracted        |       |     1 |       |     1 ||     2
       Confused          |       |     6 |     6 |     6 ||    18
       Invisible         |       |       |     7 |       ||     7
  Eat: Corpse            |     9 |    16 |    25 |    12 ||    62
